 Dungeon Crawl Stone Soup version 0.13-b1-23-g6bc71ad (webtiles) character file.

189 Kae the Firebug (level 4, -5/24 HPs)
             Began as a Tengu Fire Elementalist on Oct 2, 2013.
             Killed from afar by an orc wizard (6 damage)
             ... with a magic dart
             ... on Level 3 of the Dungeon.
             The game lasted 00:02:58 (1652 turns).

Kae the Firebug (Tengu Fire Elementalist)           Turns: 1652, Time: 00:02:59

HP  -5/24        AC  2     Str  8      XL: 4   Next: 32%
MP   7/9         EV 12     Int 17      God:
Gold 113         SH  0     Dex 14      Spells:  1 memorised,  6 levels left

Res.Fire  : . . .   See Invis. : .   h - +0,-2 dagger (curse)
Res.Cold  : . . .   Warding    : .   a - +0 robe
Life Prot.: . . .   Conserve   : .   (no shield)
Res.Poison: .       Res.Corr.  : .   (helmet restricted)
Res.Elec. : .       Clarity    : .   (no cloak)
Sust.Abil.: . .     Spirit.Shd : .   (no gloves)
Res.Mut.  : .       Stasis     : .   (boots unavailable)
Res.Rott. : .       Flight     : .   (no amulet)
Saprovore : . . .                    (no ring)
                                     (no ring)

@: slowed, very slow, slightly resistant to hostile enchantments, fairly
stealthy
A: beak, talons 3
a: no special abilities


You were on level 3 of the Dungeon.
You were not hungry.

You visited 1 branch of the dungeon, and saw 3 of its levels.

You collected 93 gold pieces.

Inventory:

Hand weapons
 h - a cursed +0,-2 dagger (weapon)
Missiles
 n - 39 darts (quivered)
Armour
 a - a +0 robe (worn)
Magical devices
 u - a wand of slowing (9) {unknown}
Comestibles
 c - 2 bread rations
 f - 3 meat rations
 i - a rambutan
 j - a choko
 l - a snozzcumber
 v - a rotting chunk of hobgoblin flesh
 x - 13 grapes
Scrolls
 d - a scroll of curse weapon {unknown}
 g - 6 scrolls of identify {unknown}
 o - a scroll of random uselessness {unknown}
 p - 2 scrolls of remove curse {unknown}
 w - a scroll of curse armour {unknown}
Jewellery
 r - an uncursed ring of fire {unknown}
 y - an uncursed ring of sustenance {unknown}
 A - an uncursed ring of protection from fire {unknown}
Potions
 k - a potion of restore abilities {unknown}
 m - a potion of degeneration {unknown}
 q - a potion of heal wounds {unknown}
 s - a potion of poison {unknown}
 t - a potion of resistance {unknown}
 z - a potion of brilliance {unknown}
Books
 b - a book of Flames

   Spells                             Type                      Level
   *Flame Tongue                      Conjuration/Fire             1
   Throw Flame                        Conjuration/Fire             2
   Conjure Flame                      Conjuration/Fire             3
   Inner Flame                        Hexes/Fire                   3
   Sticky Flame                       Conjuration/Fire             4
   Fireball                           Conjuration/Fire             5


   Skills:
 - Level 2.1 Dodging
 - Level 2.0 Stealth
 + Level 2.0 Spellcasting
 * Level 3.7 Conjurations
 + Level 4.0 Fire Magic


You had 6 spell levels left.
You knew the following spells:

 Your Spells              Type           Power        Failure   Level  Hunger
a - Flame Tongue          Conj/Fire      ##...        4%          1    #......


Dungeon Overview and Level Annotations

Branches:
Dungeon (3/27)

Altars:


Innate Abilities, Weirdness & Mutations

You have a beak for a mouth.
You have claws for feet.


Message History

The orc closely misses you. The orc wizard completely misses you.
The orc wizard mumbles some strange words.
The orc wizard blinks!
The orc wizard gestures wildly while chanting.
The orc wizard blinks!
The magic dart hits you!
* * * LOW HITPOINT WARNING * * *
The orc wizard closely misses you. The orc barely misses you.
Casting: Flame Tongue
Confirm with . or Enter, or press ? or * to list all spells.
Aiming: Flame Tongue
Press: ? - help, Shift-Dir - straight line, f/p - orc wizard
Aim: an orc wizard, wielding an orcish dagger and wearing an orcish robe (heavily wounded, moving very quickly)
The flame misses the orc wizard.
An orc wizard appears from thin air!
Reactivating autopickup.
The orc wizard gestures at you while chanting.
The magic dart hits you!
* * * LOW HITPOINT WARNING * * *
The orc wizard gestures at you while chanting.
The magic dart hits you!
You die...

# ### #..# # #.## ## ###l### .#
####+## #{....# .#
####.....########.....# )#
#######..'...o.#{o...o'.....#
.###.......##....ยง#.######.....#
%#...########....l'o# #.....#
...### #..o@o### #.....## ..##
##'#### #.....'. .## #.# #.....##
.# #.# ####'## .# #.# #.# .. #.#
#.# #. #.# #.# ' #.# #.# #.# #.#


You could see 3 orc wizards, 2 orcs and a giant gecko.

Vanquished Creatures
  Jessica (D:2)
  2 adders
  A worm (D:3)
  A ball python (D:2)
  6 bats (D:1)
  2 giant cockroaches
  3 hobgoblins
  2 jackals (D:2)
  5 kobolds
  2 giant geckos
  5 goblins
  5 rats
35 creatures vanquished.

Notes
Turn   | Place    | Note
--------------------------------------------------------------
     0 | D:1      | Kae, the Tengu Fire Elementalist, began the quest for the Orb.
     0 | D:1      | Reached XP level 1. HP: 10/10 MP: 3/3
   141 | D:1      | Reached XP level 2. HP: 13/15 MP: 0/5
   556 | D:1      | Reached XP level 3. HP: 11/19 MP: 0/7
  1297 | D:2      | Noticed Jessica
  1300 | D:2      | Killed Jessica
  1300 | D:2      | Reached XP level 4. HP: 24/24 MP: 5/8
  1529 | D:3      | Reached skill level 4 in Fire Magic
  1652 | D:3      | HP: 1/24 [orc wizard/magic dart (8)]
  1652 | D:3      | Killed from afar by an orc wizard

Action                   |  1- 3 |  4- 6 || total
-------------------------+-------+-------++-------
Melee: Unarmed           |     7 |       ||     7
       Dagger            |     8 |     2 ||    10
 Cast: Flame Tongue      |    38 |    26 ||    64
  Use: Potion            |       |     1 ||     1
